AoeStats
← dimakas

MegaRandom

506235107Analyzed
1v1 RM · 18d ago on Sep 12, 2026· 62m 9s· 2 players
Game mode
Random Map
Map size
Tiny (2 player)
Population
200
Speed
Normal
Resources
Standard
Victory
Conquest
Starting age
Dark Age
Ending age
Imperial Age
RankedLock teamsTeams togetherTeam positionsShared explorationLock speedFull tech treeHidden civsTurbo modeCheats
Victory
Defeat
🇲🇩 Inca · Moldova
608
+13
🇺🇸 Teutons · United States
552
-13
Chris Mclean
13:13 Feudal Age
15:58 Double-Bit Axe
15:56 Horse Collar
17:30 Stone Mining
17:31 Gold Mining
20:30 Wheelbarrow
22:08 Scale Barding Armor
25:44 Castle Age
25:02 Bloodlines
25:02 Fletching
26:12 Scale Mail Armor
28:21 Bow Saw
28:14 Heavy Plow
28:26 Gambesons
28:41 Bodkin Arrow
29:31 Forging
33:40 Chain Mail Armor
33:06 Man-at-Arms
37:20 Iron Casting
37:31 Long Swordsman
39:41 Ballistics
39:48 Chain Barding Armor
38:53 Crossbowman
39:57 Squires
42:31 Padded Archer Armor
45:12 Ironclad
45:44 Arson
48:54 Imperial Age
50:56 Two-Handed Swordsman
52:12 Cavalier
54:21 Plate Barding Armor
54:39 Crop Rotation
53:56 Elite Skirmisher
54:55 Leather Archer Armor
57:15 Chemistry
57:29 Hand Cart
58:47 Ring Archer Armor
60:34 Plate Mail Armor
dimakas
9:32 Feudal Age
7:48 Loom
10:00 Double-Bit Axe
16:16 Horse Collar
22:18 Castle Age
23:34 Bow Saw
23:54 Pikeman
26:05 Wheelbarrow
25:36 Squires
25:59 Scale Mail Armor
25:59 Padded Archer Armor
27:43 Hand Cart
27:31 Fletching
29:05 Champi Runner
30:06 Leather Archer Armor
31:58 Town Watch
34:11 Chain Mail Armor
33:53 Bodkin Arrow
34:10 Forging
35:33 Gold Mining
35:52 Heavy Plow
36:05 Champi Warrior
38:27 Town Patrol
42:22 Imperial Age
42:37 Capped Ram
43:29 Siege Ram
43:36 Onager
44:15 Halberdier
44:18 Elite Champi Warrior
47:54 Ring Archer Armor
47:24 Bracer
47:55 Plate Mail Armor
48:00 Iron Casting
53:42 Chemistry
53:14 Ballistics
54:21 Crop Rotation
54:28 Gold Shaft Mining
54:31 Sanctity
57:28 Blast Furnace
57:19 Stone Mining
Connection lost

Rejoining the realm…

Still unreachable

The connection could not be restored.

Session expired

The server has moved on; the page needs a fresh start.